 Dungeon Crawl Stone Soup version 0.13.2 (webtiles) character file.

312 slep the Slasher (level 4, -1/35 HPs)
             Began as a Demonspawn Gladiator on Dec 25, 2017.
             Slain by Menkaure (11 damage)
             ... on Level 4 of the Dungeon.
             The game lasted 00:10:31 (2139 turns).

slep the Slasher (Demonspawn Gladiator)             Turns: 2139, Time: 00:10:31

HP  -1/35        AC 10     Str 15      XL: 4   Next: 52%
MP   0/3         EV  8     Int  9      God:
Gold 208         SH  0     Dex 15      Spells:  0 memorised,  3 levels left

Res.Fire  : + . .   See Invis. : .   a - +0 falchion
Res.Cold  : . . .   Warding    : .   e - +1 scale mail {rF+}
Life Prot.: + . .   Conserve   : .   (no shield)
Res.Poison: .       Res.Corr.  : .   c - +0 helmet
Res.Elec. : .       Clarity    : .   s - +0 cloak
Sust.Abil.: . .     Spirit.Shd : +   (no gloves)
Res.Mut.  : .       Stasis     : .   (no boots)
Res.Rott. : .       Flight     : .   (no amulet)
Saprovore : . . .                    (no ring)
                                     h - ring of positive energy

@: slightly resistant to hostile enchantments, extremely unstealthy
A: claws 1, magic shield, AC +1
a: no special abilities


You were on level 4 of the Dungeon.
You were near starving.

You visited 2 branches of the dungeon, and saw 5 of its levels.

You collected 188 gold pieces.

Inventory:

Hand weapons
 a - a +0,+0 falchion (weapon)
Missiles
 d - 4 throwing nets (quivered)
 u - 23 poisoned needles
Armour
 b - a +0 leather armour
 c - a +0 helmet (worn)
 e - a +1 scale mail of fire resistance (worn)
 s - a +0 cloak (worn)
Comestibles
 f - 2 bread rations
 w - a choko
Scrolls
 i - 3 scrolls of identify {unknown}
 l - a scroll of curse armour {unknown}
 m - a scroll of random uselessness {unknown}
 p - a scroll of curse jewellery {unknown}
 q - a scroll of remove curse {unknown}
 t - a scroll of enchant armour {unknown}
 x - a scroll of curse weapon {unknown}
Jewellery
 h - a ring of positive energy (left claw)
 o - a +4 ring of dexterity {unknown}
Potions
 g - a potion of slowing {unknown}
 j - 3 potions of heal wounds {unknown}
 k - 3 potions of brilliance {unknown}
 n - a potion of paralysis {unknown}
 r - 2 potions of speed {unknown}
 v - a potion of restore abilities {unknown}


   Skills:
 + Level 2.4 Fighting
 + Level 3.6 Long Blades
 + Level 1.9 Throwing
 + Level 1.4 Armour
 + Level 3.4 Dodging


You had 3 spell levels left.
You didn't know any spells.

Dungeon Overview and Level Annotations

Branches:
Dungeon (4/27)             Temple (1/1) D:4

Altars:
Ashenzari
Elyvilon
Fedhas
Kikubaaqudgha
Makhleb
Nemelex Xobeh
Sif Muna
Trog
Vehumet
Yredelemnul
Zin
the Shining One

Annotations:
D:4 Menkaure


Innate Abilities, Weirdness & Mutations

You have sharp fingernails.
You are partially covered in icy blue scales (AC +1).
When hurt, damage is shared between your health and your magic reserves.


Message History

Menkaure shouts!
Menkaure calls on the powers of darkness!
The adder convulses!
Your body is wracked with pain!
You are wearing:
h - a ring of positive energy (left claw)
Found a murky pink potion.
An adder comes into view.
Menkaure mumbles some strange words.
Menkaure seems to speed up.
Found a scroll labeled PLAUVA ZEAH.
You hit Menkaure.
Menkaure is lightly damaged.
Menkaure closely misses you. Menkaure hits you but does no damage.
You hit Menkaure.
Menkaure is lightly damaged.
Menkaure hits you!
* * * LOW HITPOINT WARNING * * *
You hit Menkaure.
Menkaure is moderately damaged.
The adder barely misses you. Menkaure hits you!
You die...

....?
........!..
#............
##............#
..............#
#............#
#............#
#......S.....#
#......@M....#
##############


You could see Menkaure and an adder.

Vanquished Creatures
  Terence (D:2)
  3 adders
  An inept feature mimic (D:2)
  2 worms
  2 giant geckos
  An orc (D:3)
  A ball python (D:4)
  3 giant cockroaches
  A goblin (D:1)
  4 hobgoblins
  4 jackals (D:2)
  8 kobolds
  10 bats
  3 giant newts
  4 rats
48 creatures vanquished.

Vanquished Creatures (others)
  An orc wizard (D:4)
  An adder (D:4)
  A giant gecko (D:4)
  2 orcs (D:4)
  A bat (D:4)
  A kobold (D:4)
7 creatures vanquished.

Grand Total: 55 creatures vanquished

Notes
Turn   | Place    | Note
--------------------------------------------------------------
     0 | D:1      | slep, the Demonspawn Gladiator, began the quest for the Orb.
     0 | D:1      | Reached XP level 1. HP: 17/17 MP: 0/0
   412 | D:1      | Reached skill level 3 in Long Blades
   422 | D:1      | Gained mutation: You are partially covered in icy blue scales (AC +1). [demonic ancestry]
   422 | D:1      | Reached XP level 2. HP: 23/23 MP: 1/1
   922 | D:2      | Gained mutation: When hurt, damage is shared between your health and your magic reserves. [demonic ancestry]
   922 | D:2      | Reached XP level 3. HP: 19/28 MP: 2/2
  1197 | D:2      | Noticed Terence
  1223 | D:2      | Killed Terence
  1223 | D:2      | Reached skill level 1 in Armour
  1223 | D:2      | Gained mutation: You have sharp fingernails. [demonic ancestry]
  1223 | D:2      | Reached XP level 4. HP: 18/35 MP: 1/3
  2012 | D:4      | Found a staircase to the Ecumenical Temple.
  2034 | Temple   | Entered the Ecumenical Temple
  2134 | D:4      | Noticed Menkaure
  2139 | D:4      | Slain by Menkaure

Action                   |  1- 3 |  4- 6 || total
-------------------------+-------+-------++-------
Melee: Falchion          |   175 |    54 ||   229
